AoeStats
← daddeldida

Fortress

509927506Analyzed
4v4 RM · 4d ago on Sep 28, 2026· 59m 11s· 8 players
Game mode
Random Map
Map size
Huge
Population
200
Speed
Normal
Resources
Standard
Victory
Conquest
Starting age
Dark Age
Ending age
Imperial Age
RankedLock teamsTeams togetherTeam positionsShared explorationLock speedFull tech treeHidden civsTurbo modeCheats
Victory
Defeat
🇺🇸 Italians · United States
1339
+16
🇧🇩 Huns · Bangladesh
1323
+16
🇳🇴 Hindustanis · Norway
1281
+18
🇦🇷 Portuguese · Argentina
1242
+20
🇩🇪 Chinese · Germany
1418
-20
🇩🇪 Franks · Germany
1330
-18
🇩🇪 Persians · Germany
1294
-16
🇩🇪 Celts · Germany
1281
-16
KRYPTAERNN
0:44 Loom
6:41 Feudal Age
7:09 Horse Collar
14:02 Castle Age
11:58 Double-Bit Axe
12:17 Scale Mail Armor
12:36 Gold Mining
13:27 Forging
15:27 Bow Saw
16:14 Chain Mail Armor
24:48 Iron Casting
30:27 Imperial Age
29:30 Wheelbarrow
28:29 Pikeman
29:10 Squires
30:28 Hand Cart
32:07 Elite Ghulam
32:19 Siege Elephant
34:18 Conscription
36:31 Scale Barding Armor
36:01 Light Cavalry
36:51 Bloodlines
36:42 Husbandry
37:47 Hussar
39:38 Caravan
42:55 Blast Furnace
41:34 Heavy Camel Rider
45:46 Chain Barding Armor
46:29 Grand Trunk Road
CumansCumin
8:13 Feudal Age
12:15 Castle Age
10:20 Double-Bit Axe
11:06 Horse Collar
14:30 Bow Saw
15:19 Wheelbarrow
15:34 Heavy Plow
17:12 Loom
19:09 Gold Mining
19:37 Fervor
20:47 Stone Mining
21:33 Gold Shaft Mining
22:30 Hand Cart
26:34 Imperial Age
25:32 Scale Barding Armor
25:37 Forging
25:29 Marauders
26:52 Chain Barding Armor
26:44 Bloodlines
26:34 Husbandry
28:02 Conscription
27:04 Elite Tarkan
28:20 Plate Barding Armor
28:21 Iron Casting
28:48 Two-Man Saw
31:03 Blast Furnace
34:24 Caravan
33:59 Light Cavalry
35:52 Hussar
37:26 Coinage
37:06 Guilds
39:11 Banking
41:13 Murder Holes
41:11 Fletching
41:41 Bodkin Arrow
42:01 Masonry
50:31 Bracer
53:35 Padded Archer Armor
55:02 Cavalier
56:14 Paladin
59:01 Atheism
58:12 Sappers
heavensent
8:34 Feudal Age
9:43 Horse Collar
9:50 Double-Bit Axe
10:04 Gold Mining
12:27 Castle Age
12:45 Wheelbarrow
16:11 Bow Saw
17:37 Heavy Plow
18:46 Hand Cart
19:59 Stone Mining
21:30 Stone Shaft Mining
21:36 Loom
25:53 Imperial Age
24:01 Padded Archer Armor
24:07 Scale Barding Armor
24:36 Fletching
25:02 Leather Archer Armor
25:48 Treadmill Crane
26:32 Ballistics
26:35 Town Watch
27:42 Elite Organ Gun
28:29 Cavalier
29:41 Chain Barding Armor
29:31 Forging
31:19 Plate Barding Armor
31:35 Husbandry
33:16 Conscription
33:55 Iron Casting
32:44 Light Cavalry
33:34 Bloodlines
37:13 Two-Man Saw
38:28 Blast Furnace
37:50 Caravan
38:41 Circumnavigation
41:50 Bodkin Arrow
42:18 Town Patrol
43:23 Bracer
43:54 Ring Archer Armor
44:56 Chemistry
44:31 Siege Engineers
48:42 Arquebus
Fs.Caboclo
7:04 Feudal Age
10:59 Castle Age
8:55 Double-Bit Axe
13:44 Bow Saw
19:50 Horse Collar
24:11 Imperial Age
22:06 Stone Mining
22:07 Gold Mining
22:39 Fletching
22:50 Padded Archer Armor
24:18 Wheelbarrow
23:29 Loom
23:30 Town Watch
23:42 Bodkin Arrow
24:03 Leather Archer Armor
25:57 Two-Man Saw
25:45 Hand Cart
26:00 Conscription
26:42 Bracer
27:54 Chemistry
27:16 Ballistics
27:59 Elite Genoese Crossbowman
30:40 Ring Archer Armor
30:34 Bombard Tower
38:33 Caravan
40:00 Thumb Ring
43:49 Coinage
49:27 Silk Road
49:23 Pirotechnia
52:49 Banking
57:44 Scale Barding Armor
57:50 Forging
58:30 Cavalier
59:10 Husbandry
59:21 Bloodlines
59:47 Chain Barding Armor
60:03 Iron Casting
[PFFFT]Barbie
7:29 Feudal Age
12:03 Castle Age
9:54 Double-Bit Axe
10:24 Loom
13:33 Husbandry
13:50 Forging
13:46 Scale Barding Armor
13:59 Bow Saw
21:43 Wheelbarrow
22:07 Chain Barding Armor
23:22 Iron Casting
27:41 Imperial Age
26:46 Gold Mining
29:06 Plate Barding Armor
28:03 Cavalier
29:16 Hand Cart
31:12 Blast Furnace
32:42 Gold Shaft Mining
32:00 Stone Mining
31:45 Paladin
33:30 Town Watch
35:33 Light Cavalry
41:45 Padded Archer Armor
Nitrozwerg/Janik
8:44 Feudal Age
13:25 Castle Age
13:14 Double-Bit Axe
15:33 Loom
16:54 Scale Mail Armor
16:25 Pikeman
18:27 Horse Collar
18:59 Bow Saw
23:35 Wheelbarrow
28:25 Imperial Age
26:39 Stronghold
27:11 Chain Mail Armor
27:06 Forging
27:50 Man-at-Arms
29:34 Iron Casting
29:32 Conscription
28:59 Halberdier
30:37 Plate Mail Armor
29:38 Onager
44:11 Siege Onager
54:11 Blast Furnace
53:16 Halberdier
daddeldida
7:35 Feudal Age
11:23 Castle Age
9:38 Double-Bit Axe
9:48 Horse Collar
10:44 Gold Mining
11:58 Loom
14:13 Wheelbarrow
13:33 Gold Mining
14:10 Bloodlines
20:24 Wheelbarrow
20:59 Bow Saw
20:53 Heavy Plow
21:03 Scale Barding Armor
21:08 Forging
21:02 Husbandry
21:23 Bloodlines
22:19 Chain Barding Armor
22:46 Gold Shaft Mining
23:52 Iron Casting
24:16 Hand Cart
27:51 Imperial Age
26:28 Stone Mining
26:30 Town Watch
26:43 Fletching
27:17 Ballistics
27:40 Cavalier
29:35 Plate Barding Armor
29:27 Savar
32:41 Blast Furnace
31:20 Light Cavalry
32:36 Town Patrol
35:58 Bodkin Arrow
39:33 Conscription
39:36 Hussar
41:14 Crop Rotation
41:48 Two-Man Saw
47:10 Hoardings
48:49 Caravan
Mario Hennisch
0:44 Loom
8:49 Feudal Age
12:27 Castle Age
10:21 Double-Bit Axe
10:51 Horse Collar
11:02 Gold Mining
11:37 Fletching
12:50 Padded Archer Armor
13:21 Bow Saw
13:19 Heavy Plow
19:00 Wheelbarrow
19:21 Stone Mining
19:38 Bodkin Arrow
20:04 Forging
20:36 Padded Archer Armor
21:01 Hand Cart
20:52 Town Watch
22:18 Leather Archer Armor
27:43 Imperial Age
26:02 Ballistics
27:31 Town Patrol
28:31 Masonry
28:45 Conscription
28:27 Bracer
28:35 Thumb Ring
30:40 Chemistry
30:17 Elite Chu Ko Nu
32:34 Gold Shaft Mining
34:14 Ring Archer Armor
34:17 Rocketry
35:19 Scale Barding Armor
35:50 Iron Casting
38:09 Caravan
38:50 Fortified Wall
38:44 Squires
40:57 Two-Man Saw
40:31 Scale Mail Armor
41:31 Blast Furnace
40:49 Husbandry
41:00 Bloodlines
40:10 Light Cavalry
41:13 Chain Barding Armor
42:38 Coinage
43:16 Architecture
42:42 Murder Holes
42:53 Great Wall
44:14 Banking
43:07 Pikeman
43:07 Elite Fire Lancer
43:33 Arson
44:03 Halberdier
46:55 Plate Barding Armor
46:36 Chain Mail Armor
50:58 Plate Mail Armor
49:57 Capped Ram
51:00 Siege Ram
Connection lost

Rejoining the realm…

Still unreachable

The connection could not be restored.

Session expired

The server has moved on; the page needs a fresh start.